 Dungeon Crawl Stone Soup version 0.31-a0-1-g4198be8af4 (webtiles) character file.

Game seed: 17736760336050788628

3438 Jase the Transmogrifier (level 10, -2/68 HPs)
             Began as an Octopode Transmuter on May 2, 2023.
             Was a Follower of Wu Jian.
             Slain by a wight
             ... wielding a +2 dagger of freezing
              (8 damage)
             ... on level 8 of the Dungeon.
             The game lasted 00:35:45 (7506 turns).

Jase the Transmogrifier (Octopode Transmuter)       Turns: 7506, Time: 00:35:47

Health: -2/68      AC:  1    Str: 10    XL:     10   Next: 5%
Magic:  13/13      EV: 20    Int: 19    God:    Wu Jian [*.....]
Gold:   128        SH:  0    Dex: 13    Spells: 3/13 levels left

rFire   . .          .
                       - Unarmed
rCold   . . .        (no shield)
rNeg    . . .        (helmet restricted)
rPois   .            (no amulet)
rElec   .            z - +5 ring of evasion
rCorr   .            A - ring of wizardry
SInv    .            (no ring)
Will    .....        (no ring)
Stlth   ++           (no ring)
HPRegen 0.31/turn    (no ring)
MPRegen 0.13/turn    (no ring)
                     (no ring)

%: wizardry (x1)
@: lethally poisoned (-2 -> -7), wereblooded (expiring), slowed, very slow
A: almost no armour, amphibious, 8 rings, camouflage 1, gelatinous body 1,
(nimble swimmer 1), tentacles
a: Renounce Religion


You were on level 8 of the Dungeon.
You worshipped Wu Jian.
Wu Jian was aware of your devotion.
You visited 1 branch of the dungeon, and saw 8 of its levels.
You also visited: Ossuary.

You collected 293 gold pieces.
You spent 165 gold pieces at shops.

Inventory:

Missiles
 d - 29 poisoned darts
 D - a curare-tipped dart
Armour
 C - a +0 hat
Jewellery
 z - a +5 ring of evasion (left tentacle)
 A - a ring of wizardry (right tentacle)
Wands
 k - a wand of roots (4)
 t - a wand of flame (29)
Scrolls
 b - a scroll of magic mapping
 c - 3 scrolls of teleportation
 f - 3 scrolls of fog
 m - a scroll of fear
 o - a scroll of blinking {unknown}
 p - a scroll of vulnerability
 s - a scroll of amnesia {unknown}
 x - a scroll of poison {unknown}
 y - a scroll of enchant weapon {unknown}
 B - a scroll of immolation {unknown}
 E - a scroll of enchant armour {unknown}
 G - a scroll of silence {unknown}
Potions
 a - 2 potions of lignification
 e - 3 potions of resistance {unknown}
 g - 2 potions of mutation
 h - a potion of cancellation
 i - 2 potions of might
 j - 3 potions of flight
 l - 3 potions of degeneration {unknown}
 n - a potion of curing
 q - 3 potions of attraction
 r - a potion of magic {unknown}
 u - a potion of haste {unknown}
 v - 2 potions of brilliance {unknown}
 w - a potion of invisibility {unknown}
 F - 2 potions of heal wounds


   Skills:
 + Level 5.9 Fighting
 + Level 6.2 Dodging
 + Level 7.4 Unarmed Combat
 - Level 2.0 Spellcasting
 + Level 8.0 Transmutations
 - Level 5.0 Poison Magic


You had 3 spell levels left.
You knew the following spells:

 Your Spells              Type           Power      Damage    Failure   Level
a - Beastly Appendage     Tmut           64%        N/A       1%          1
b - Wereblood             Tmut           32%        N/A       1%          2
c - Spider Form           Tmut/Pois      26%        N/A       1%          3
d - Ice Form              Ice/Tmut       17%        N/A       13%         4

Your spell library contained the following spells:

 Spells                   Type           Power      Damage    Failure   Level
 Ignite Poison            Fire/Tmut/Pois 18%        N/A       3%          3
 Cigotuvi's Dreadful Rot  Necr/Pois/Air  16%        N/A       5%          2
 Freezing Cloud           Conj/Ice/Air   0%         6-21      86%         5
 Chain Lightning          Conj/Air       0%         2d1       100%        9
 Fire Storm               Conj/Fire      0%         6d1       100%        9
 Shatter                  Erth           0%         3d5*      100%        9


Dungeon Overview and Level Annotations

Branches:
Dungeon (8/15)             Temple (0/1) D:7         Ossuary (visited)
   Lair: D:8-11

Altars:
Cheibriados
Elyvilon
Gozag
Hepliaklqana
Nemelex Xobeh
Wu Jian
Zin

Shops:
D:6 :   D:7 *

Annotations:
D:4 8 exclusions
D:6 1 runed translucent door, Crazy Yiuf
D:8 Erica


Innate Abilities, Weirdness & Mutations

You cannot wear most types of armour.
You are amphibious.
You can wear up to eight rings at the same time.
Your skin changes colour to match your surroundings (Stealth+).
Your rubbery body absorbs attacks. (AC +1, EV +1)
((You are camouflaged when in or above water. (Stealth+)))
You have tentacles for arms and can constrict up to eight enemies at once.


Message History

A wight comes into view. It is wielding a +2 dagger of freezing.
The steam dragon breathes steam at you. The ball of steam misses you.
The ball of steam hits the kobold!
The kobold dies!
You barely miss the steam dragon.
The steam dragon is almost dead.
You are engulfed in a cloud of scalding steam.
Unknown command.
You bludgeon the steam dragon!
You feel a bit better.
You kill the steam dragon!
The Council accepts your kill.
You howl as the wereblood boils in your veins!
You are engulfed in a cloud of scalding steam.
* * * LOW HITPOINT WARNING * * *
The kobold is engulfed in a cloud of scalding steam.
The kobold dies!
The kobold is engulfed in a cloud of scalding steam.
The kobold dies!
The kobold brigand is engulfed in a cloud of scalding steam.
The kobold brigand hits you with a +0 whip.
* * * LOW HITPOINT WARNING * * *
The howler monkey hoots and howls with incredible vigour!
You hear a bellow! x2
Your Transmutations skill increases to level 8!
Unknown command.
Unknown command.
You spin and attack the wight.
You tentacle-slap the wight. You grab the wight. You squeeze the wight.
The wight is heavily damaged.
You howl as the wereblood boils in your veins!
You constrict the wight, but do no damage.
The kobold brigand is engulfed in a cloud of scalding steam.
The kobold brigand throws a curare-tipped dart.
The curare-tipped dart hits you.
You are poisoned.
You have difficulty breathing.
* * * LOW HITPOINT WARNING * * *
You feel yourself slow down.
The wight hits you with a +2 dagger of freezing!
You die...

.....#........
......)....... .........
.... ##. .....##..# . #..
##.......# K. ####.#
#.._...z. #... +####..#.#
#...zz# ....K
.......#.####...@ยง##K.....
...............##)KhKy....
.........<......###KK.....
.....#.........## h{.....
.....##.(.......# .......
..... #...(....... .......
##...##..........###......
...............^.# ......
...#...<.........# ..##..


You could see a kobold brigand, a howler monkey (catching breath), a killer bee,
3 wights and 3 kobolds.

Vanquished Creatures
  Prince Ribbit (D:6)
  A steam dragon (D:8)
  2 black bears
  2 sky beasts
  A hornet zombie (Ossuary)
  An ice beast (D:7)
  3 centaurs
  A phantom (D:5)
  2 kobold brigands (D:6)
  3 scorpions
  2 water moccasin zombies (Ossuary)
  8 killer bees
  2 howler monkeys
  3 centaur zombies (Ossuary)
  5 hounds
  10 bullfrog zombies (Ossuary)
  A jelly (D:6)
  4 iguanas
  3 sleepcaps
  Ijyb (D:3)
  4 orc wizards
  13 mummies (Ossuary)
  A howler monkey zombie (Ossuary)
  6 gnolls
  4 adders
  A shadow imp (D:7)
  A white imp (D:7)
  An ufetubus (D:5)
  4 worms (D:2)
  A dart slug (D:5)
  19 orcs
  9 ball pythons
  5 endoplasms
  2 giant cockroaches
  7 goblins
  5 hobgoblins
  5 jackals (D:3)
  6 quokkas
  5 bats
  5 frilled lizards
  19 kobolds
  4 rats
183 creatures vanquished.

Vanquished Creatures (others)
  3 kobolds (D:8)
  4 fungi (D:3)
  7 withered plants (Ossuary)
14 creatures vanquished.

Grand Total: 197 creatures vanquished

Notes
Turn   | Place    | Note
-------+----------+-------------------------------------------
     0 | D:1      | Jase the Octopode Transmuter began the quest for the Orb.
     0 | D:1      | Reached XP level 1. HP: 13/13 MP: 3/3
   137 | D:1      | Reached XP level 2. HP: 18/18 MP: 3/5
   162 | D:1      | Learned a level 2 spell: Wereblood
   823 | D:2      | Reached XP level 3. HP: 23/23 MP: 3/6
  1062 | D:2      | Reached skill level 3 in Transmutations
  1332 | D:2      | Found a faded altar of an unknown god.
  1457 | D:2      | Reached XP level 4. HP: 28/28 MP: 5/7
  1794 | D:3      | Found a white marble altar of Elyvilon.
  2341 | D:3      | Noticed Ijyb
  2351 | D:3      | Killed Ijyb
  2371 | D:3      | Reached XP level 5. HP: 23/33 MP: 8/8
  2412 | D:3      | Learned a level 3 spell: Spider Form
  2642 | D:4      | Reached skill level 1 in Poison Magic
  2645 | D:4      | Reached skill level 4 in Transmutations
  2747 | D:4      | Reached XP level 6. HP: 30/38 MP: 9/9
  2770 | D:4      | Found a sand-covered staircase.
  2776 | Ossuary  | Entered an ossuary
  2842 | Ossuary  | Reached skill level 5 in Transmutations
  2860 | Ossuary  | Reached XP level 7. HP: 4/43 MP: 8/10
  3212 | Ossuary  | Reached skill level 5 in Unarmed Combat
  3325 | Ossuary  | Reached XP level 8. HP: 45/51 MP: 11/11
  3358 | Ossuary  | Reached skill level 6 in Transmutations
  4226 | D:4      | HP: 1/52 [black bear (5)]
  4512 | D:4      | Found an opulent altar of Gozag.
  4599 | D:4      | Found a hazy altar of Hepliaklqana.
  4867 | D:5      | Entered Level 5 of the Dungeon
  5153 | D:5      | Found an ornate altar of the Wu Jian Council.
  5177 | D:5      | Became a worshipper of the Wu Jian Council
  5357 | D:5      | Learned a level 4 spell: Ice Form
  5371 | D:5      | Reached XP level 9. HP: 55/58 MP: 10/12
  5612 | D:6      | Noticed Prince Ribbit
  5620 | D:6      | Killed Prince Ribbit
  5621 | D:6      | Reached skill level 7 in Transmutations
  5621 | D:6      | Reached skill level 5 in Poison Magic
  5648 | D:6      | Reached skill level 5 in Dodging
  5974 | D:6      | Found Inwe's Book Shoppe.
  6113 | D:6      | Found a runed translucent door.
  6114 | D:6      | Noticed Crazy Yiuf
  6509 | D:7      | Reached skill level 5 in Fighting
  6552 | D:7      | Reached * piety under Wu Jian
  6701 | D:7      | Found a sparkling altar of Nemelex Xobeh.
  6764 | D:7      | Found a staircase to the Ecumenical Temple.
  6797 | D:7      | HP: 2/61 [ice beast (13)]
  7026 | D:7      | Noticed an angel
  7027 | D:7      | Found a glowing silver altar of Zin.
  7367 | D:7      | Found Anotyr's General Store.
  7371 | D:7      | Bought a potion of mutation for 120 gold pieces
  7371 | D:7      | Bought a potion of attraction for 45 gold pieces
  7442 | D:8      | Found a snail-covered altar of Cheibriados.
  7481 | D:8      | Noticed Erica
  7499 | D:8      | Reached XP level 10. HP: 12/68 MP: 13/13
  7506 | D:8      | Reached skill level 8 in Transmutations
  7506 | D:8      | Slain by a wight

Illustrated notes

Levels and vault maps discovered:
D:1:      minmay_arrival_shattered_statue, layout_basic, minivault_11,
          amcnicky_mini_pool_small
D:2:      layout_loops_cross, hellmonk_ecumenical_altar_crossroads
D:3:      layout_basic, mainiacjoe_overflow_chevrons, uniq_ijyb
D:4:      layout_loops_ring, grunt_gozag_breadcrumbs,
          worldfamousw_hep_ancestral_shrine, nicolae_ossuary_entry_plus
D:5:      layout_cave_pools, mainiacjoe_overflow_small_starburst,
          hellmonk_no_cap
D:6:      layout_rooms, serial_shops, nicolae_shop_hallway_plus,
          uniq_crazy_yiuf_cottage, uniq_prince_ribbit1
D:7:      layout_rooms, zin_angel, kennysheep_mini,
          minmay_temple_entry_offerings, serial_shops,
          nicolae_shop_back_alley_shop
D:8:      layout_cave_pools, cheibriados_altar_1, vehumet_altar_wand_db,
          lemuel_doored_altar, lair_entry_dummy, kennysheep_potato, uniq_erica

Skill      XL: |  1  2  3  4  5  6  7  8  9 10 |
---------------+-------------------------------+-----
Transmutations | 3 4 5 6 7 8 |  8.0
Unarmed Combat | 4 5 6 7 |  7.4
Poison Magic   | 2 4 5 |  5.0
Fighting       | 2 4 5 |  5.9
Dodging        | 3 4 6 |  6.2
Spellcasting   | |  2.0

Action                     |  1- 3 |  4- 6 |  7- 9 | 10-12 || total
---------------------------+-------+-------+-------+-------++-------
  Melee: Unarmed           |    99 |   122 |   343 |     7 ||   571
         Constrict         |    28 |    30 |    60 |     1 ||   119
         Tentacles         |    19 |    30 |    78 |     2 ||   129
         Kick              |    19 |    44 |   134 |       ||   197
         Punch             |     1 |     5 |    12 |       ||    18
   Cast: Beastly Appendage |    19 |    22 |    52 |       ||    93
         Spider Form       |       |       |     4 |       ||     4
         Wereblood         |       |       |     4 |       ||     4
         Ice Form          |       |       |     1 |       ||     1
Ability: Lunge             |       |       |    17 |       ||    17
         End Transformatio |       |       |     1 |       ||     1
         Whirlwind         |       |       |       |     1 ||     1
    Use: Scroll            |       |       |     8 |       ||     8
         Potion            |       |       |     4 |     1 ||     5
   Stab: Sleeping          |     5 |     4 |     7 |       ||    16
 Armour: Skin              |     8 |     6 |    15 |     1 ||    30
  Dodge: Dodged            |    65 |    62 |   269 |    13 ||   409

Table legend: (Time is in decaauts)
 A = Elapsed time spent in this place.
 B = Non-inter-level travel time spent in this place.
 C = Inter-level travel time spent in this place.
 D = Time resting spent in this place.
 E = Time spent auto-exploring this place.
 F = Levels seen in this place.
 G = Mean time per level.
                   A        B        C        D        E       F      G
               +--------+--------+--------+--------+--------+-----+--------+
         Total |   7452 |   7234 |    218 |   2088 |   3405 |   9 |  828.0 |
       Dungeon |   6253 |   6035 |    218 |   1346 |   3386 |   8 |  781.6 |
       Ossuary |   1198 |   1198 |      0 |    742 |     19 |   1 | 1198.0 |
               +--------+--------+--------+--------+--------+-----+--------+

Top non-repeatable levels by time:
 Ossuary: 1198 daAuts
     D:4: 1081 daAuts
     D:6: 967 daAuts
     D:2: 901 daAuts
     D:3: 832 daAuts
     D:7: 829 daAuts
     D:1: 824 daAuts
     D:5: 738 daAuts
     D:8: 79 daAuts
